 Dungeon Crawl Stone Soup version 0.30-a0-390-g80c34de65d (webtiles) character file.

Game seed: 18103111074935882986

30 qeuew the Trooper (level 3, -1/29 HPs)
             Began as a Demonspawn Monk on Dec 4, 2022.
             Slain by a worm (5 damage)
             ... on level 2 of the Dungeon.
             The game lasted 00:01:32 (661 turns).

qeuew the Trooper (Demonspawn Monk)                  Turns: 661, Time: 00:01:32

Health: -1/29      AC:  3    Str: 13    XL:     3   Next: 5%
Magic:  3/3        EV: 12    Int: 11    God:
Gold:   31         SH:  0    Dex: 15    Spells: 2/2 levels left

rFire   . . .      SeeInvis .    a - +0 hand axe
rCold   . . .      Faith    .    (no shield)
rNeg    . . .      Spirit   .    e - +0 leather armour
rPois   .          Reflect  .    (no helmet)
rElec   .          Harm     .    (no cloak)
rCorr   .          Rampage  .    (no gloves)
Will    .....                    (no boots)
Stlth   ++........               (no amulet)
HPRegen 0.24/turn                (no ring)
MPRegen 0.08/turn                (no ring)

@: no status effects
A: powered by death 1
a: no special abilities


You were on level 2 of the Dungeon.
You visited 1 branch of the dungeon, and saw 2 of its levels.

You collected 31 gold pieces.

Inventory:

Hand Weapons
 a - a +0 hand axe (weapon)
Armour
 e - a +0 leather armour (worn)
Scrolls
 b - 2 scrolls of identify {unknown}
 d - a scroll of amnesia {unknown}


   Skills:
 + Level 3.3 Fighting
 + Level 3.0 Axes
 + Level 1.0 Armour
 + Level 3.0 Dodging
 - Level 1.7 Stealth


You had 2 spell levels left.
You didn't know any spells.
Your spell library was empty.

Dungeon Overview and Level Annotations

Branches:
Dungeon (2/15)

Altars:


Innate Abilities, Weirdness & Mutations

You regenerate a little health from kills.


Message History

You completely miss the worm.
The worm is heavily wounded.
You hit the adder but do no damage. The adder barely misses you.
The worm bites you.
You hit the worm but do no damage.
The worm is heavily wounded.
You barely miss the adder. The adder bites you.
You are poisoned.
The adder poisons you! The adder bites you. The worm closely misses you.
You hit the worm but do no damage.
The worm is moderately wounded.
You closely miss the adder.
You feel sick. The adder barely misses you. The worm closely misses you.
The adder bites you but does no damage.
Unknown command.
You hit the worm.
The worm is moderately wounded.
You completely miss the adder.
You feel sick. The adder barely misses you.
Unknown command.
You barely miss the worm.
The worm is moderately wounded.
You hit the adder.
You feel sick. The adder closely misses you.
The worm bites you but does no damage. The adder bites you.
* * * LOW HITPOINT WARNING * * *
Unknown command.
You hit the worm.
The worm is heavily wounded.
You closely miss the adder.
You feel sick. The adder closely misses you. The worm bites you.
* * * LOW HITPOINT WARNING * * *
Unknown command.
You hit the worm.
The worm is severely wounded.
You hit the adder.
You feel sick.
You are no longer poisoned.
The adder barely misses you. The adder bites you but does no damage.
Unknown command.
You hit the worm.
The worm is severely wounded.
You miss the adder. The adder closely misses you. The worm bites you.
You die...

#$.#..# ..#.. ....
###########.#####
#................
#..##...#....###
#.# #...#....#
#.###..##....######
#......###.@w....$#
#.....## #..S#....#
#...### #...#....#
#.#### ##..##...#
#....#### #..# ##.#
#.......####.. ...
#.........###. ...
#..........#### ?.
#.###.####..#


You could see a worm and an adder.

Vanquished Creatures
  An adder (D:2)
  3 endoplasms
  3 goblins (D:1)
  A hobgoblin (D:2)
  2 jackals (D:2)
  4 ball pythons (D:1)
  2 bats
  2 kobolds
  2 rats
20 creatures vanquished.

Notes
Turn   | Place    | Note
-------+----------+-------------------------------------------
     0 | D:1      | qeuew the Demonspawn Monk began the quest for the Orb.
     0 | D:1      | Reached XP level 1. HP: 18/18 MP: 1/1
   205 | D:1      | Found a faded altar of an unknown god.
   235 | D:1      | Gained mutation: You regenerate a little health from kills.
                  | [demonic ancestry]
   235 | D:1      | Reached XP level 2. HP: 24/24 MP: 2/2
   527 | D:2      | Reached skill level 1 in Armour
   573 | D:2      | Reached XP level 3. HP: 25/29 MP: 3/3
   661 | D:2      | Slain by a worm

Illustrated notes

Levels and vault maps discovered:
D:1:      tarquinn_simple_flora_water_e, layout_rooms,
          hellmonk_ecumenical_altar_pennies_from_heaven,
          corexii_item_surrounded_by_moat
D:2:      minmay_recursive_quarters, layout_basic, skrybe_limestone_x,
          amethyst_killhole

Skill      XL: |  1  2 |
---------------+-------+-----
Axes           | 3 |  3.0
Armour         | 1 |  1.0
Dodging        | 3 |  3.0
Fighting       | |  3.3
Stealth        | |  1.7

Action                   || total
-------------------------++-------
Melee: Hand axe          ||    64
  Use: Scroll            ||     1
       Potion            ||     1
 Stab: Sleeping          ||     4
Armor: Robe              ||     5
       Leather armour    ||    11
Dodge: Dodged            ||    39

Table legend: (Time is in decaauts)
 A = Elapsed time spent in this place.
 B = Non-inter-level travel time spent in this place.
 C = Inter-level travel time spent in this place.
 D = Time resting spent in this place.
 E = Time spent auto-exploring this place.
 F = Levels seen in this place.
 G = Mean time per level.
                   A        B        C        D        E       F      G
               +--------+--------+--------+--------+--------+-----+--------+
         Total |    673 |    621 |     52 |      0 |    443 |   2 |  336.5 |
       Dungeon |    673 |    621 |     52 |      0 |    443 |   2 |  336.5 |
               +--------+--------+--------+--------+--------+-----+--------+

Top non-repeatable levels by time:
     D:1: 511 daAuts
     D:2: 161 daAuts
